 Dungeon Crawl Stone Soup version 0.29-a0-380-gf50f0a9fbc (webtiles) character file.

Game seed: 6250621762692972708

3654 spaghetti the Prestidigitator (level 10, -1/67 (76) HPs)
             Began as a Gnoll Artificer on May 6, 2022.
             Was an Initiate of Ignis.
             Slain by a gnoll
             ... wielding a +0 halberd of draining
              (14 damage)
             ... in a bailey.
             The game lasted 00:18:35 (8007 turns).

spaghetti the Prestidigitator (Gnoll Artificer)     Turns: 8007, Time: 00:18:35

HP:   -1/67 (76)    AC:  6    Str: 12    XL:     10   Next: 12%
MP:   17/17         EV: 14    Int: 14    God:    Ignis [......]
Gold: 454           SH:  0    Dex: 13    Spells: 19/19 levels left

rFire   + . .      SeeInvis .   a - +2 halberd (elec) {polearm}
rCold   . . .      Faith    .   (shield currently unavailable)
rNeg    . . .      Spirit   .   I - +0 steam dragon scales
rPois   .          Reflect  .   (no helmet)
rElec   .          Harm     .   (no cloak)
rCorr   .          Rampage  .   (no gloves)
Will    .....                   (no boots)
Stlth   +++.......              f - amulet of regeneration {@e2}
HPRegen 1.01/turn               (no ring)
MPRegen 0.15/turn               (no ring)

@: heavily drained
A: fangs 1, strong nose, distributed training
a: Renounce Religion


You were in a bailey.
You worshipped Ignis.
Ignis was noncommittal.
You visited 1 branch of the dungeon, and saw 9 of its levels.
You also visited: Ossuary and Bailey.

You collected 454 gold pieces.


Innate Abilities, Weirdness & Mutations

You have very sharp teeth.
Your uncanny sense of smell can sniff out nearby items.
Your experience applies equally to all skills.


   Skills:
 + Level 5.6 Fighting
 + Level 5.0 Short Blades
 + Level 5.0 Long Blades
 + Level 5.0 Axes
 + Level 5.0 Maces & Flails
 + Level 5.0 Polearms
 + Level 5.0 Staves
 + Level 5.0 Slings
 + Level 5.0 Bows
 + Level 5.0 Crossbows
 + Level 5.0 Throwing
 + Level 6.8 Armour
 + Level 5.6 Dodging
 + Level 5.5 Stealth
 + Level 5.0 Shields
 + Level 5.0 Unarmed Combat
 + Level 5.0 Spellcasting
 + Level 4.1 Conjurations
 + Level 4.1 Hexes
 + Level 4.1 Summonings
 + Level 4.1 Necromancy
 + Level 4.1 Translocations
 + Level 4.1 Transmutations
 + Level 4.1 Fire Magic
 + Level 4.1 Ice Magic
 + Level 4.1 Air Magic
 + Level 4.1 Earth Magic
 + Level 4.1 Poison Magic
 + Level 5.4 Invocations
 + Level 8.3 Evocations


You had 19 spell levels left.
You didn't know any spells.
Your spell library contained the following spells:

 Spells                   Type           Power      Damage    Failure   Level
 Conjure Flame            Conj/Fire      15%        6-21      10%         3
 Gell's Gravitas          Tloc           15%        N/A       10%         3
 Ignite Poison            Fire/Tmut/Pois 15%        N/A       10%         3
 Lesser Beckoning         Tloc           15%        N/A       10%         3
 Ozocubu's Armour         Ice            15%        N/A       10%         3
 Teleport Other           Tloc           15%        N/A       10%         3
 Animate Dead             Necr           7%         N/A       32%         4
 Passage of Golubria      Tloc           15%        N/A       32%         4
 Sticky Flame             Conj/Fire      15%        2d4       32%         4
 Borgnjor's Vile Clutch   Necr/Erth      7%         N/A       65%         5
 Silence                  Hex/Air        7%         N/A       65%         5
 Death Channel            Necr           7%         N/A       99%         6
 Ozocubu's Refrigeration  Ice            7%         4d6       100%        7
 Lehudib's Crystal Spear  Conj/Erth      7%         10d3      100%        8

Inventory:

Hand Weapons
 a - a +2 halberd of electrocution (weapon) {polearm}
   (You took it off a gnoll in a bailey)
 b - the +5 hunting sling of Conformity {speed, rElec Str+3, sling}
   (You found it on level 2 of the Dungeon)

   Attacks with this weapon are significantly faster.
   Str:       It affects your strength (+3).
   rElec:     It insulates you from electricity.
 p - a +4 halberd of draining {polearm}
   (You took it off a gnoll in a bailey)
Missiles
 g - 340 stones (quivered) {throwing}
 j - 16 poisoned darts {throwing}
 w - 2 javelins {throwing}
 D - a curare-tipped dart {=fthrowing}
 E - a boomerang of dispersal {=f!fthrowing}
 F - 2 boomerangs {throwing}
Armour
 t - a +1 leather armour
 I - +0 steam dragon scales (worn)
   (You found it on level 7 of the Dungeon)
Magical Staves
 m - a staff of earth {!astaff}
   (You found it on level 2 of the Dungeon)
Jewellery
 f - an amulet of regeneration (around neck) {@e2}
   (You found it on level 4 of the Dungeon)
 k - a ring of positive energy
   (You found it on level 1 of the Dungeon)
 u - an amulet of reflection
   (You found it on level 5 of the Dungeon)
 B - a ring of ice
   (You found it on level 6 of the Dungeon)
Wands
 c - a wand of flame (5)
 d - a wand of charming (10)
 e - a wand of iceblast (8)
 J - a wand of digging (5)
   (You found it on level 7 of the Dungeon)
Scrolls
 i - a scroll of amnesia
 o - 8 scrolls of teleportation {@r4}
 q - 2 scrolls of enchant armour
 s - a scroll of torment {!r}
 v - a scroll of fear
 x - 3 scrolls of fog
 C - 2 scrolls of enchant weapon
 G - a scroll of silence {!r}
 L - a scroll of poison {!r}
Potions
 h - 2 potions of flight
 l - 6 potions of heal wounds {@q2}
 n - a potion of curing {@q1}
 z - a potion of invisibility
 A - 3 potions of might
 K - 3 potions of mutation {unknown}
 M - a potion of cancellation {unknown}

Dungeon Overview and Level Annotations

Branches:
Dungeon (9/15)             Temple (0/1) D:5         Ossuary (visited)
 Bailey (1/1)
   Lair: D:8-11         Orc: D:9-12

Altars:
Gozag
Makhleb
Nemelex Xobeh
Okawaru
Ru
Trog
Uskayaw
Yredelemnul
The Shining One
Ignis

Shops:
D:7

* ##### ### ###
##)')###)###.#
+##+##'###'##'##'##
#!...@## ##.....##
#.!.!.# ###.....###
+!.o{.' #)'..⌠..')#
#.!...#####)....###
#!.!..# ##.....##
+##'##'###'##'##'##
#. #g#.###.###)# ###
### ##### ### #'#
#.###.###.#)###.###.#


You could see a friendly orc warrior (charmed).


Message History

No target in view!
There is an open door here. 😎 HP[+1]
Your hp is fully restored (75).
A - 3 potions of might (gained 1)
You see here a +0 halberd of electrocution {polearm}.
There is an open door here.
A gnoll and an orc come into view.
The gnoll is wielding a +0 halberd of draining.
The gnoll drinks a potion.
The gnoll flickers and vanishes!
Deactivating autopickup; reactivate with Ctrl-A.
You see here a +0 halberd of electrocution {polearm}.
An orc warrior and an orc come into view.
The orc warrior is wielding a +0 halberd of electrocution.
There is an open door here.
The orc hits you from afar with a +0 trident.
You see here a potion of invisibility. 😕 HP[-6]
You take 6 damage, and now have 69/75 hp.
You are too injured to fight recklessly!
You are too injured to fight recklessly!
You are too injured to fight recklessly!
You are too injured to fight recklessly!
You are too injured to fight recklessly!
You are too injured to fight recklessly!
You are too injured to fight recklessly!
You are too injured to fight recklessly!
You are too injured to fight recklessly!
You are too injured to fight recklessly!
You are too injured to fight recklessly!
You are too injured to fight recklessly!
You are too injured to fight recklessly!
You are too injured to fight recklessly!
You are too injured to fight recklessly!
You are too injured to fight recklessly!
You are too injured to fight recklessly!
Unknown command.
You are too injured to fight recklessly!
Reach: a) +2 halberd (elec) {polearm}
Press: ? - help, Dir - move target, f - orc
Aim: an orc, wielding a +0 spear and wearing a +0 chain mail (wandering, hasn't noticed you, about 35% to evade your +2 halberd of electrocution)
You reach to attack!
The orc warrior shouts!
The orc shouts!
You hit the orc. Lightning courses through the orc!!
You kill the orc!
The orc barely misses you. 😕 HP[+2]
You regained 2 hp, and now have 71/75 hp.
Reach: a) +2 halberd (elec) {polearm}
Press: ? - help, Dir - move target, f - orc
Aim: an orc, wielding a +0 trident and wearing a +0 scale mail (about 39% to evade your +2 halberd of electrocution)
You reach to attack!
You closely miss the orc. Something hits you.
You feel drained. The orc misses you. 😕 HP[-3]
You now have 74 max hp (-1).
You take 3 damage, and now have 68/74 hp.
Reach: a) +2 halberd (elec) {polearm}
Press: ? - help, Dir - move target, f/p - orc
Aim: an orc, wielding a +0 trident and wearing a +0 scale mail (about 39% to evade your +2 halberd of electrocution)
You reach to attack!
You puncture the orc!
You kill the orc!
Something hits you!
You feel drained. 😕 HP[-9]
You now have 72 max hp (-2).
You take 9 damage, and now have 59/72 hp.
Reach: a) +2 halberd (elec) {polearm}
Press: ? - help, Dir - move target, f - orc warrior
Aim: an orc warrior, wielding a +0 halberd of electrocution and wearing a +0 plate armour (about 43% to evade your +2 halberd of electrocution)
You reach to attack!
You barely miss the orc warrior. Something hits you!
You feel drained.
The orc warrior hits you from afar with a +0 halberd of electrocution!
Something hits you!
* * * LOW HITPOINT WARNING * * *
You feel drained.
* * * LOW HITPOINT WARNING * * *
The orc warrior closely misses you. 😨 HP[-41]
You now have 68 max hp (-4).
You take 41 damage, and now have 18/68 hp.
MASSIVE DAMAGE!! (PAUSE)
Aiming: Charm
Press: ? - help, Shift-Dir - straight line, f/p - orc warrior
Aim: an orc warrior, wielding a +0 halberd of electrocution and wearing a +0 plate armour (chance to affect: 68%)
The orc warrior struggles to resist.
Something hits you.
* * * LOW HITPOINT WARNING * * *
You feel drained.
The orc warrior hits you from afar with a +0 halberd of electrocution.
* * * LOW HITPOINT WARNING * * *
😱 HP[-6]
You now have 67 max hp (-1).
You take 6 damage, and now have 12/67 hp.
Unknown command.
Aiming: Charm
Press: ? - help, Shift-Dir - straight line, f/p - orc warrior
Aim: an orc warrior, wielding a +0 halberd of electrocution and wearing a +0 plate armour (chance to affect: 68%)
The orc warrior is charmed.
Something hits you!
You die...

Skill      XL: |  1  2  3  4  5  6  7  8  9 10 |
---------------+-------------------------------+-----
Invocations    | 1 2 3 4 5 |  5.4
Short Blades   | 1 2 3 4 5 |  5.0
Long Blades    | 1 2 3 4 5 |  5.0
Axes           | 1 2 3 4 5 |  5.0
Maces & Flails | 1 2 3 4 5 |  5.0
Polearms       | 1 2 3 4 5 |  5.0
Staves         | 1 2 3 4 5 |  5.0
Slings         | 1 2 3 4 5 |  5.0
Bows           | 1 2 3 4 5 |  5.0
Crossbows      | 1 2 3 4 5 |  5.0
Throwing       | 1 2 3 4 5 |  5.0
Shields        | 1 2 3 4 5 |  5.0
Unarmed Combat | 1 2 3 4 5 |  5.0
Spellcasting   | 1 2 3 4 5 |  5.0
Conjurations   | 1 2 3 4 |  4.1
Hexes          | 1 2 3 4 |  4.1
Summonings     | 1 2 3 4 |  4.1
Necromancy     | 1 2 3 4 |  4.1
Translocations | 1 2 3 4 |  4.1
Transmutations | 1 2 3 4 |  4.1
Fire Magic     | 1 2 3 4 |  4.1
Ice Magic      | 1 2 3 4 |  4.1
Air Magic      | 1 2 3 4 |  4.1
Earth Magic    | 1 2 3 4 |  4.1
Poison Magic   | 1 2 3 4 |  4.1
Fighting       | 3 4 5 |  5.6
Dodging        | 3 4 5 |  5.6
Armour         | 5 6 |  6.8
Stealth        | 3 4 5 |  5.5
Evocations     | 7 8 |  8.3

Action                   |  1- 3 |  4- 6 |  7- 9 | 10-12 || total
-------------------------+-------+-------+-------+-------++-------
Melee: Club              |    62 |       |       |       ||    62
       Bite              |     6 |     1 |       |       ||     7
       Dagger            |    24 |    10 |     2 |       ||    36
       Punch             |       |     1 |       |       ||     1
       Halberd           |       |       |       |    32 ||    32
       Unarmed           |       |       |       |     1 ||     1
 Fire: Hunting sling     |       |   138 |   478 |    41 ||   657
Throw: Stone             |    19 |     3 |       |       ||    22
Invok: Foxfire Swarm     |     2 |       |     6 |       ||     8
       Rising Flame      |       |       |       |     1 ||     1
Evoke: Wand              |     7 |     4 |    12 |     4 ||    27
  Use: Scroll            |       |     6 |     9 |       ||    15
       Potion            |       |       |     6 |       ||     6
 Stab: Sleeping          |     4 |       |       |    11 ||    15
       Invisible         |       |       |     1 |       ||     1
Armor: Leather armour    |    29 |    21 |    50 |       ||   100
       Steam dragon scal |       |       |    12 |     2 ||    14
Dodge: Dodged            |    56 |    45 |   167 |    37 ||   305

Levels and vault maps discovered:
D:1:      ncdulo_lavacross, layout_rooms,
          dreamdust_ecumenical_altar_hidden_monk_grotto, minmay_tetromino_l4
D:2:      layout_basic, grunt_ministairs_13, st_stairs_8, minmay_misc_feat_chi,
          nicolae_elevator_lobby_plus, uniq_robin
D:3:      layout_basic, uniq_terence
D:4:      layout_gridville, enter_ossuary_4, uniq_eustachio, uniq_grinder
D:5:      layout_cave_pools, lightli_temple_of_fire,
          nicolae_ru_the_path_less_chosen, kennysheep_mini,
          minmay_temple_entry_glass
D:6:      layout_rooms, mainiacjoe_overflow_catwalk, nicolae_uskayaw_dance_hall,
          kennysheep_generic_room_7
D:7:      layout_basic, mainiacjoe_overflow_alcove_2,
          mainiacjoe_overflow_six_doors_small, nemelex_spade_bored_becter,
          grunt_decor_arrowhead, nicolae_shop_gadgets
D:8:      layout_basic, mainiacjoe_overflow_chevrons
D:9:      layout_roguey, lemuel_doored_altar, david_orc_4, enter_bailey_8,
          serial_aquarium, aquarium_bridge_straight [aquarium_subvault_bridge,
          aquarium_subvault_window, aquarium_subvault_bridge,
          aquarium_subvault_wall], aquarium_window_1, aquarium_window_fake,
          aquarium_window_corner, aquarium_view_2a, aquarium_view_2e,
          aquarium_pool_2
Bailey:   bailey_polearm_nasty_gnolls, bailey

Notes
Turn   | Place    | Note
-------+----------+-------------------------------------------
     0 | D:1      | spaghetti the Gnoll Artificer began the quest for the Orb.
     0 | D:1      | Reached XP level 1. HP: 17/17 MP: 1/1
     0 | D:1      | magus.rc [v1.9.6]
   438 | D:1      | You pick up a book of Displacement and begin reading...
   438 | D:1      | You add the spells Lesser Beckoning, Gell's Gravitas and
                  | Teleport Other to your library.
   461 | D:1      | Reached XP level 2. HP: 18/23 MP: 2/2
   704 | D:1      | Found a faded altar of an unknown god.
   883 | D:1      | Prayed at the altar of an unknown god.
   883 | D:1      | Became a worshipper of Ignis, the Dying Flame
  1467 | D:2      | Noticed Robin
  1476 | D:2      | Reached XP level 3. HP: 28/28 MP: 3/3
  1489 | D:2      | Killed Robin
  1490 | D:2      | Reached skill level 1 in Invocations
  1492 | D:2      | Reached skill level 1 in Short Blades
  1492 | D:2      | Reached skill level 1 in Long Blades
  1492 | D:2      | Reached skill level 1 in Axes
  1492 | D:2      | Reached skill level 1 in Maces & Flails
  1492 | D:2      | Reached skill level 1 in Polearms
  1492 | D:2      | Reached skill level 1 in Staves
  1492 | D:2      | Reached skill level 1 in Slings
  1492 | D:2      | Reached skill level 1 in Bows
  1492 | D:2      | Reached skill level 1 in Crossbows
  1492 | D:2      | Reached skill level 1 in Throwing
  1492 | D:2      | Reached skill level 1 in Shields
  1492 | D:2      | Reached skill level 1 in Unarmed Combat
  1492 | D:2      | Reached skill level 1 in Spellcasting
  1656 | D:2      | Reached XP level 4. HP: 34/34 MP: 5/5
  1688 | D:2      | Reached skill level 1 in Conjurations
  1688 | D:2      | Reached skill level 1 in Hexes
  1688 | D:2      | Reached skill level 1 in Summonings
  1688 | D:2      | Reached skill level 1 in Necromancy
  1688 | D:2      | Reached skill level 1 in Translocations
  1688 | D:2      | Reached skill level 1 in Transmutations
  1688 | D:2      | Reached skill level 1 in Fire Magic
  1688 | D:2      | Reached skill level 1 in Ice Magic
  1688 | D:2      | Reached skill level 1 in Air Magic
  1688 | D:2      | Reached skill level 1 in Earth Magic
  1688 | D:2      | Reached skill level 1 in Poison Magic
  1951 | D:2      | Identified the +5 hunting sling of Conformity {speed, rElec
                  | Str+3}
  2204 | D:3      | You pick up a book of Unlife and begin reading...
  2204 | D:3      | You add the spells Animate Dead, Borgnjor's Vile Clutch and
                  | Death Channel to your library.
  2223 | D:3      | Noticed Terence
  2236 | D:3      | HP: 7/28 [Terence/+5 short sword of draining (1)]
  2237 | D:3      | Killed Terence
  2238 | D:3      | Reached XP level 5. HP: 9/36 MP: 5/7
  2777 | D:3      | Reached skill level 3 in Fighting
  2777 | D:3      | Reached skill level 3 in Dodging
  2827 | D:3      | You pick up a book of the Moon and begin reading...
  2827 | D:3      | You add the spells Passage of Golubria, Silence and
                  | Lehudib's Crystal Spear to your library.
  2924 | D:4      | Noticed an ogre
  3101 | D:4      | Noticed Eustachio
  3118 | D:4      | Killed Eustachio
  3119 | D:4      | Reached skill level 2 in Short Blades
  3119 | D:4      | Reached skill level 2 in Long Blades
  3119 | D:4      | Reached skill level 2 in Axes
  3119 | D:4      | Reached skill level 2 in Maces & Flails
  3119 | D:4      | Reached skill level 2 in Polearms
  3119 | D:4      | Reached skill level 2 in Staves
  3119 | D:4      | Reached skill level 2 in Slings
  3119 | D:4      | Reached skill level 2 in Bows
  3119 | D:4      | Reached skill level 2 in Crossbows
  3119 | D:4      | Reached skill level 2 in Throwing
  3119 | D:4      | Reached skill level 5 in Armour
  3119 | D:4      | Reached skill level 3 in Stealth
  3119 | D:4      | Reached skill level 2 in Shields
  3119 | D:4      | Reached skill level 2 in Unarmed Combat
  3119 | D:4      | Reached skill level 2 in Spellcasting
  3119 | D:4      | Reached skill level 2 in Invocations
  3119 | D:4      | Reached XP level 6. HP: 29/47 MP: 7/9
  3568 | D:4      | Reached skill level 7 in Evocations
  3568 | D:4      | Reached XP level 7. HP: 52/52 MP: 10/10
  3637 | D:4      | Found a sand-covered staircase.
  3643 | D:4      | Noticed Grinder
  3646 | Ossuary  | Entered an ossuary
  3659 | Ossuary  | Reached skill level 2 in Conjurations
  3659 | Ossuary  | Reached skill level 2 in Hexes
  3659 | Ossuary  | Reached skill level 2 in Summonings
  3659 | Ossuary  | Reached skill level 2 in Necromancy
  3659 | Ossuary  | Reached skill level 2 in Translocations
  3659 | Ossuary  | Reached skill level 2 in Transmutations
  3659 | Ossuary  | Reached skill level 2 in Fire Magic
  3659 | Ossuary  | Reached skill level 2 in Ice Magic
  3659 | Ossuary  | Reached skill level 2 in Air Magic
  3659 | Ossuary  | Reached skill level 2 in Earth Magic
  3659 | Ossuary  | Reached skill level 2 in Poison Magic
  3675 | Ossuary  | HP: 10/52 [mummy (17)]
  3784 | D:4      | Reached skill level 3 in Invocations
  3791 | D:4      | Paralysed by Grinder for 2 turns
  3796 | D:4      | Paralysed by Grinder for 6 turns
  3812 | D:4      | Killed Grinder
  3813 | D:4      | Reached skill level 4 in Fighting
  3813 | D:4      | Reached skill level 3 in Short Blades
  3813 | D:4      | Reached skill level 3 in Long Blades
  3813 | D:4      | Reached skill level 3 in Axes
  3813 | D:4      | Reached skill level 3 in Maces & Flails
  3813 | D:4      | Reached skill level 3 in Polearms
  3813 | D:4      | Reached skill level 3 in Staves
  3813 | D:4      | Reached skill level 3 in Slings
  3813 | D:4      | Reached skill level 3 in Bows
  3813 | D:4      | Reached skill level 3 in Crossbows
  3813 | D:4      | Reached skill level 3 in Throwing
  3813 | D:4      | Reached skill level 4 in Dodging
  3813 | D:4      | Reached skill level 3 in Shields
  3813 | D:4      | Reached skill level 3 in Unarmed Combat
  3813 | D:4      | Reached skill level 3 in Spellcasting
  3813 | D:4      | Reached XP level 8. HP: 29/60 MP: 12/12
  4085 | D:5      | Entered Level 5 of the Dungeon
  4161 | D:5      | Found a staircase to the Ecumenical Temple.
  4244 | D:5      | Reached skill level 4 in Stealth
  4430 | D:5      | Found a sacrificial altar of Ru.
  4570 | D:5      | Found a burning altar of Makhleb.
  4583 | D:5      | Found an iron altar of Okawaru.
  4694 | D:6      | Found an opulent altar of Gozag.
  4714 | D:5      | HP: 12/61 [poisoned by a water moccasin]
  4719 | D:5      | HP: 9/61 [poisoned by a water moccasin]
  4784 | D:6      | Reached skill level 3 in Conjurations
  4784 | D:6      | Reached skill level 3 in Hexes
  4784 | D:6      | Reached skill level 3 in Summonings
  4784 | D:6      | Reached skill level 3 in Necromancy
  4784 | D:6      | Reached skill level 3 in Translocations
  4784 | D:6      | Reached skill level 3 in Transmutations
  4784 | D:6      | Reached skill level 3 in Fire Magic
  4784 | D:6      | Reached skill level 3 in Ice Magic
  4784 | D:6      | Reached skill level 3 in Air Magic
  4784 | D:6      | Reached skill level 3 in Earth Magic
  4784 | D:6      | Reached skill level 3 in Poison Magic
  4784 | D:6      | Reached skill level 4 in Invocations
  4843 | D:6      | Reached skill level 6 in Armour
  4847 | D:6      | Reached XP level 9. HP: 37/66 MP: 14/14
  4985 | D:6      | You add the spells Conjure Flame, Ignite Poison and Sticky
                  | Flame to your library.
  5140 | D:6      | Reached skill level 4 in Short Blades
  5140 | D:6      | Reached skill level 4 in Long Blades
  5140 | D:6      | Reached skill level 4 in Axes
  5140 | D:6      | Reached skill level 4 in Maces & Flails
  5140 | D:6      | Reached skill level 4 in Polearms
  5140 | D:6      | Reached skill level 4 in Staves
  5140 | D:6      | Reached skill level 4 in Slings
  5140 | D:6      | Reached skill level 4 in Bows
  5140 | D:6      | Reached skill level 4 in Crossbows
  5140 | D:6      | Reached skill level 4 in Throwing
  5140 | D:6      | Reached skill level 4 in Shields
  5140 | D:6      | Reached skill level 4 in Unarmed Combat
  5140 | D:6      | Reached skill level 4 in Spellcasting
  5162 | D:6      | HP: 12/67 [orc warrior/+0 long sword (10)]
  5241 | D:6      | Reached skill level 5 in Fighting
  5241 | D:6      | Reached skill level 5 in Dodging
  5288 | D:6      | You add the spells Ozocubu's Armour and Ozocubu's
                  | Refrigeration to your library.
  5332 | D:6      | Found a hide-covered altar of Uskayaw.
  5345 | D:6      | Identified the +1 trident of Fifioleq {drain, Str+3}
  5634 | D:7      | Found a sparkling altar of Nemelex Xobeh.
  5677 | D:7      | Found Gocidghoe's Gadget Gallery.
  5757 | D:7      | Found a bloodstained altar of Trog.
  6134 | D:7      | Reached skill level 5 in Stealth
  6162 | D:7      | Reached skill level 8 in Evocations
  6260 | D:7      | Found a basalt altar of Yredelemnul.
  6446 | D:8      | Noticed a hornet
  6452 | D:8      | Killed a hornet
  6453 | D:8      | Reached skill level 5 in Invocations
  6755 | D:8      | Found a glowing golden altar of the Shining One.
  7253 | D:8      | Reached skill level 4 in Conjurations
  7253 | D:8      | Reached skill level 4 in Hexes
  7253 | D:8      | Reached skill level 4 in Summonings
  7253 | D:8      | Reached skill level 4 in Necromancy
  7253 | D:8      | Reached skill level 4 in Translocations
  7253 | D:8      | Reached skill level 4 in Transmutations
  7253 | D:8      | Reached skill level 4 in Fire Magic
  7253 | D:8      | Reached skill level 4 in Ice Magic
  7253 | D:8      | Reached skill level 4 in Air Magic
  7253 | D:8      | Reached skill level 4 in Earth Magic
  7253 | D:8      | Reached skill level 4 in Poison Magic
  7253 | D:8      | Reached XP level 10. HP: 67/74 MP: 17/17
  7607 | D:9      | Found a flagged portal.
  7616 | Bailey   | Entered a bailey
  7815 | Bailey   | Reached skill level 5 in Short Blades
  7815 | Bailey   | Reached skill level 5 in Long Blades
  7815 | Bailey   | Reached skill level 5 in Axes
  7815 | Bailey   | Reached skill level 5 in Maces & Flails
  7815 | Bailey   | Reached skill level 5 in Polearms
  7815 | Bailey   | Reached skill level 5 in Staves
  7815 | Bailey   | Reached skill level 5 in Slings
  7815 | Bailey   | Reached skill level 5 in Bows
  7815 | Bailey   | Reached skill level 5 in Crossbows
  7815 | Bailey   | Reached skill level 5 in Throwing
  7815 | Bailey   | Reached skill level 5 in Shields
  7815 | Bailey   | Reached skill level 5 in Unarmed Combat
  7815 | Bailey   | Reached skill level 5 in Spellcasting
  8006 | Bailey   | HP: 17/68 [something (2)]
  8007 | Bailey   | Slain by a gnoll

Vanquished Creatures
  Grinder (D:4)
  A hornet (D:8)
  A yak (D:9)
  Eustachio (D:4)
  3 steam dragons
  2 water moccasins
  2 orc warriors (D:6)
  2 sky beasts
  5 ogres
  2 kobold brigands
  A gnoll sergeant (D:5)
  A bullfrog (D:8)
  A necrophage (D:6)
  2 scorpions (D:6)
  4 centaur zombies (Ossuary)
  2 jellies
  3 orc priests
  2 hounds
  4 iguanas
  Terence (D:3)
  6 orc wizards
  5 mummies (Ossuary)
  Robin (D:2)
  8 adders
  20 gnolls
  A white imp (D:5)
  4 ufetubi
  2 dart slugs
  45 orcs
  4 bats
  6 endoplasms
  2 giant cockroaches
  17 goblins
  7 hobgoblins
  12 kobolds
  4 quokkas
  7 ball pythons
  6 hobgoblin zombies (Ossuary)
  11 rats
  2 rat zombies (D:4)
211 creatures vanquished.

Vanquished Creatures (collateral kills)
  A gnoll (Bailey)
  6 orcs
7 creatures vanquished.

Vanquished Creatures (others)
  116 foxfires
116 creatures vanquished.

Grand Total: 334 creatures vanquished

Table legend:
 A = Non-vault XP
 B = Vault XP
 C = Vault XP percentage of total XP
 D = Non-vault monster count
 E = Vault monster count
 F = Vault count percentage of total count
                 A         B        C        D         E       F
            +---------+---------+-------+---------+---------+-------
      Total |    3698 |    1522 |  29.2 |     151 |      67 |  30.7
            +---------+---------+-------+---------+---------+-------
        D:1 |      13 |       7 |  35.0 |       8 |       3 |  27.3
        D:2 |      22 |      91 |  80.5 |      15 |      18 |  54.5
        D:3 |      84 |      36 |  30.0 |      23 |       1 |   4.2
        D:4 |     331 |     475 |  58.9 |      23 |       4 |  14.8
        D:5 |     612 |       0 |   0.0 |      21 |       0 |   0.0
        D:6 |     806 |     463 |  36.5 |      32 |       4 |  11.1
        D:7 |     492 |       0 |   0.0 |      12 |       0 |   0.0
        D:8 |    1056 |       0 |   0.0 |      10 |       0 |   0.0
        D:9 |     282 |       3 |   1.1 |       7 |       1 |  12.5
    Ossuary |       0 |     282 | 100.0 |       0 |      15 | 100.0
     Bailey |       0 |     165 | 100.0 |       0 |      21 | 100.0
            +---------+---------+-------+---------+---------+-------

Illustrated notes

Table legend:
 A = Kills in this place as a percentage of kills in entire the game.
 B = Kills by you in this place as a percentage of kills by you in the entire game.
 C = Kills by friends in this place as a percentage of kills by friends in the entire game.
 D = Other kills in this place as a percentage of other kills in the entire game.
 E = Experience gained in this place as a percentage of experience gained in the entire game.
 F = Experience gained in this place divided by the number of levels of this place that you have seen.
                   A       B       C       D       E      F
               +-------+-------+-------+-------+-------+----------------------
         Total | 100.0 | 100.0 | 100.0 |   N/A | 100.0 | 474.5
       Dungeon |  83.5 |  84.8 |  42.9 |   N/A |  91.4 | 530.3
       Ossuary |   6.9 |   7.1 |   0.0 |   N/A |   5.4 | 282.0
        Bailey |   9.6 |   8.1 |  57.1 |   N/A |   3.2 | 165.0
               +-------+-------+-------+-------+-------+----------------------

Table legend: (Time is in decaauts)
 A = Elapsed time spent in this place.
 B = Non-inter-level travel time spent in this place.
 C = Inter-level travel time spent in this place.
 D = Time resting spent in this place.
 E = Time spent auto-exploring this place.
 F = Levels seen in this place.
 G = Mean time per level.
                   A        B        C        D        E       F      G
               +--------+--------+--------+--------+--------+-----+--------+
         Total |   7974 |   7699 |    275 |   1520 |   4767 |  11 |  724.9 |
       Dungeon |   7458 |   7183 |    275 |   1349 |   4600 |   9 |  828.7 |
       Ossuary |    119 |    119 |      0 |     32 |     34 |   1 |  119.0 |
        Bailey |    396 |    396 |      0 |    139 |    133 |   1 |  396.0 |
               +--------+--------+--------+--------+--------+-----+--------+

Top non-repeatable levels by time:
     D:2: 1141 daAuts
     D:1: 1020 daAuts
     D:4: 996 daAuts
     D:8: 904 daAuts
     D:7: 840 daAuts
     D:3: 813 daAuts
     D:6: 783 daAuts
     D:5: 670 daAuts
  Bailey: 396 daAuts
     D:9: 286 daAuts
 Ossuary: 119 daAuts
